 Dungeon Crawl Stone Soup version 0.28.0-45-g0d030f2227 (webtiles) character file.

Game seed: 5483000578078680938

43 burn09 the Skirmisher (level 3, -1/24 HPs)
             Began as a Gargoyle Berserker on Apr 20, 2022.
             Was a Believer of Trog.
             Slain by a gnoll
             ... wielding a +0 halberd
              (6 damage)
             ... on level 2 of the Dungeon.
             The game lasted 00:15:34 (1844 turns).

burn09 the Skirmisher (Gargoyle Berserker)          Turns: 1844, Time: 00:15:35

Health: -1/24      AC:  6    Str: 22    XL:     3   Next: 58%
Magic:  3/3        EV:  7    Int:  7    God:    Trog [**....]
Gold:   24         SH:  9    Dex:  9    Spells: 2/2 levels left

rFire   . . .      SeeInvis .   a - +0 mace
rCold   . . .      Faith    .   p - +0 tower shield
rNeg    + + .      Spirit   .   l - +0 leather armour
rPois   ∞          Reflect  .   (no helmet)
rElec   +          Harm     .   (no cloak)
rCorr   .          Rampage  .   (no gloves)
Will    .....                   (no boots)
Stlth   +.........              (no amulet)
HPRegen 0.08/turn               o - ring of positive energy
MPRegen 0.08/turn               (no ring)

@: mighty
A: sickness immunity, AC +3, negative energy resistance 1, electricity
resistance, torment resistance 1, petrification resistance
a: Renounce Religion, Berserk, Trog's Hand


You were on level 2 of the Dungeon.
You worshipped Trog.
Trog was pleased with you.
You visited 1 branch of the dungeon, and saw 2 of its levels.

You collected 24 gold pieces.

Inventory:

Hand Weapons
 a - a +0 mace (weapon)
 c - a +0 spear
 d - a +0 club
 e - a +0 dagger
 k - a +0 hunting sling
Missiles
 m - 25 arrows
 n - 5 sling bullets
Armour
 b - a +0 animal skin
 l - a +0 leather armour (worn)
 p - a +0 tower shield (worn)
Jewellery
 o - a ring of positive energy (left hand)
Scrolls
 f - 2 scrolls of identify
 i - a scroll of teleportation
Potions
 h - a potion of attraction {unknown}
 j - a potion of flight {unknown}


   Skills:
 + Level 3.9 Fighting
 + Level 3.5 Maces & Flails
 + Level 2.4 Armour
 + Level 1.9 Dodging
 + Level 0.7 Stealth


You had 2 spell levels left.
You didn't know any spells.
Your spell library contained the following spells:

 Spells                   Type           Power      Damage    Failure   Level
 Call Canine Familiar     Summ           0%         N/A       100%        3
 Portal Projectile        Hex/Tloc       0%         N/A       100%        3
 Leda's Liquefaction      Hex/Erth       0%         N/A       100%        4


Dungeon Overview and Level Annotations

Branches:
Dungeon (2/15)

Altars:


Innate Abilities, Weirdness & Mutations

You are immune to sickness and miasma.
Your stone body is resilient. (AC +3)
You are immune to poison.
You resist negative energy. (rN+)
You are resistant to electric shocks. (rElec)
You are resistant to unholy torment.
You are immune to petrification.


Message History

The gnoll shouts!
You hear a shout!
A gnoll is nearby!
You see here a sling bullet.
You see here a sling bullet.
n - 9 sling bullets (gained 1)
You shoot a sling bullet. The sling bullet hits the gnoll!
The gnoll is severely wounded.
A gnoll comes into view. It is wielding a +0 club.
You block the gnoll's attack.
You shoot a sling bullet.
The sling bullet barely misses the gnoll.
The gnoll hits you from afar with a +0 halberd.
You block the gnoll's attack.
You shoot a sling bullet.
The sling bullet hits the gnoll but does no damage.
The gnoll is severely wounded.
A kobold comes into view. It is wielding a +0 club.
The gnoll hits you from afar with a +0 halberd.
You shoot a sling bullet.
The sling bullet closely misses the gnoll.
The kobold shouts!
You hear a shout! x2
The gnoll hits you from afar with a +0 halberd!
The gnoll closely misses you.
You see here a quokka corpse.
You are too injured to fight recklessly!
a - a +0 mace (weapon)
The gnoll barely misses you.
You see here a worm corpse.
It was a potion of might.
You feel very mighty all of a sudden.
The gnoll hits you from afar with a +0 halberd.
* * * LOW HITPOINT WARNING * * *
A gnoll comes into view. It is wielding a +0 spear.
The gnoll barely misses you.
A gnoll comes into view. It is wielding a +0 halberd.
The gnoll moves out of view.
You closely miss the gnoll.
The gnoll is severely wounded.
You block the gnoll's attack. The gnoll hits you with a +0 halberd.
You die...

#.##.######K# .
#....# #.#
######.g### #.#
........# ##g##
#### #.#######g#
##..K## ..# #.# #K#
###.....#### #.#
#.#
#g#...........†..
#.# #.#
###g#.####.....####
#†#### #.# #.@...#
##...## #. #.<..#
#.# #.#.### ##.##
... #....###.#
#.#.# #.# .##.
##........### #.#.#
#.## ##
............###.#.#
#.# #
..................#
.........##########
##..........
#.........#


You could see 4 gnolls and a kobold.

Vanquished Creatures
  A worm (D:2)
  A dart slug (D:1)
  2 endoplasms
  A giant cockroach (D:1)
  3 goblins
  4 hobgoblins
  6 jackals (D:1)
  A quokka (D:2)
  9 ball pythons
  3 bats (D:1)
  A frilled lizard (D:1)
  3 rats (D:1)
35 creatures vanquished.

Notes
Turn   | Place    | Note
-------+----------+-------------------------------------------
     0 | D:1      | burn09 the Gargoyle Berserker began the quest for the Orb.
     0 | D:1      | Reached XP level 1. HP: 14/14 MP: 1/1
   370 | D:1      | Reached XP level 2. HP: 19/19 MP: 2/2
  1084 | D:1      | Reached XP level 3. HP: 22/24 MP: 3/3
  1253 | D:1      | Found a faded altar of an unknown god.
  1260 | D:1      | Reached ** piety under Trog
  1844 | D:2      | Slain by a gnoll

Illustrated notes

Levels and vault maps discovered:
D:1:      elethiomel_arrival_maze, layout_basic,
          hellmonk_ecumenical_altar_dog_temple
D:2:      layout_loops_ring

Action                   || total
-------------------------++-------
Melee: Mace              ||    94
 Fire: Hunting sling     ||    10
  Use: Scroll            ||     1
       Potion            ||     1
Armor: Animal skin       ||    20
       Leather armour    ||    16
Dodge: Dodged            ||    77
Block: Tower shield      ||     3
